 Dungeon Crawl Stone Soup version 0.29.1-1-gd02db69 (webtiles) character file.

Game seed: 11235193314668360247

168 Ayyar the Poker (level 5, -2/41 HPs)
             Began as a Demonspawn Gladiator on May 3, 2023.
             Slain by a kobold brigand
             ... wielding a +0 dagger of venom
              (5 damage)
             ... in a sewer.
             The game lasted 00:10:27 (2926 turns).

Ayyar the Poker (Demonspawn Gladiator)              Turns: 2926, Time: 00:10:27

Health: -2/41      AC:  9    Str: 17    XL:     5   Next: 23%
Magic:  5/5        EV:  7    Int:  9    God:
Gold:   220        SH:  4    Dex: 14    Spells: 4/4 levels left

rFire   . . .      SeeInvis .   a - +0 trident
rCold   + . .      Faith    .   j - +0 buckler
rNeg    . . .      Spirit   .   k - +0 chain mail {rC+}
rPois   .          Reflect  .   c - +0 helmet
rElec   .          Harm     .   (no cloak)
rCorr   .          Rampage  .   (no gloves)
Will    .....                   (no boots)
Stlth   ..........              (no amulet)
HPRegen 0.13/turn               (no ring)
MPRegen 0.09/turn               (no ring)

@: lethally poisoned (-2 -> -14), studying Maces & Flails
A: claws 1, foul stench 1
a: no special abilities


You were in a sewer.
You visited 1 branch of the dungeon, and saw 4 of its levels.
You also visited: Sewer.

You collected 220 gold pieces.

Inventory:

Hand Weapons
 a - a +0 trident (weapon)
 m - the +9 short sword of the Lusting Genius {freeze, rPois rF+ rN+ Str-2}
   (You found it on level 2 of the Dungeon)

   It freezes those it strikes, dealing additional cold damage.
   It can also slow down cold-blooded creatures.
   Str:       It affects your strength (-2).
   rF:        It protects you from fire.
   rPois:     It protects you from poison.
   rN:        It protects you from negative energy.
Missiles
 d - 2 throwing nets
 e - a javelin (quivered)
Armour
 c - a +0 helmet (worn)
 j - a +0 buckler (worn)
 k - a +0 chain mail of cold resistance (worn)
Scrolls
 b - a scroll of immolation {unknown}
 g - a scroll of fear {unknown}
 h - 3 scrolls of amnesia {unknown}
 l - a scroll of silence {unknown}
 o - 3 scrolls of noise {unknown}
 p - 2 scrolls of identify {unknown}
 t - a scroll of magic mapping {unknown}
 u - a scroll of teleportation {unknown}
Potions
 f - a potion of flight {unknown}
 i - a potion of lignification {unknown}
 q - a potion of brilliance {unknown}
 s - a potion of heal wounds {unknown}


   Skills:
 + Level 3.0 Fighting
 * Level 3.8 Polearms
 + Level 2.5 Throwing
 + Level 3.3 Dodging
 + Level 1.1 Shields


You had 4 spell levels left.
You didn't know any spells.
Your spell library contained the following spells:

 Spells                   Type           Power      Damage    Failure   Level
 Sandblast                Erth           0%         2d4       100%        1
 Passwall                 Tmut/Erth      0%         N/A       100%        2
 Stone Arrow              Conj/Erth      0%         3d7       100%        3


Dungeon Overview and Level Annotations

Branches:
Dungeon (4/15)              Sewer (1/1)
 Temple: D:4-7

Altars:


Innate Abilities, Weirdness & Mutations

You have sharp fingernails.
You may rarely emit foul miasma when damaged in melee.


Message History

The kobold brigand hits you but does no damage.
You hit the kobold brigand.
The kobold brigand is severely wounded.
You block the kobold's attack. The kobold closely misses you.
The kobold brigand hits you with a +0 dagger of venom.
You are poisoned.
You hit the kobold brigand.
The kobold brigand is severely wounded.
You feel sick. The kobold hits you but does no damage.
You block the kobold's attack.
The kobold brigand hits you with a +0 dagger of venom!
* * * LOW HITPOINT WARNING * * *
You feel better. The kobold closely misses you.
The kobold hits you but does no damage. The kobold brigand closely misses you.
The kobold brigand attacks as you move away!
The kobold brigand completely misses you.
The kobold hits you but does no damage. The kobold attacks as you move away!
The kobold hits you but does no damage.
The kobold throws a stone.
The stone barely misses you. The kobold hits you but does no damage.
You hit the kobold but do no damage. The kobold hits you but does no damage.
You closely miss the kobold. The kobold barely misses you.
You barely miss the kobold. The kobold hits you with a +0 club.
* * * LOW HITPOINT WARNING * * *
You closely miss the kobold.
The kobold throws a stone.
The stone hits you but does no damage. You block the kobold's attack.
The kobold brigand hits you but does no damage.
You are lethally poisoned!
You hit the kobold brigand but do no damage.
The kobold brigand is severely wounded.
* * * LOW HITPOINT WARNING * * *
You feel very sick. The kobold hits you but does no damage.
The kobold brigand hits you but does no damage.
You are more poisoned.
It was a potion of magic.
Magic courses through your body.
* * * LOW HITPOINT WARNING * * *
You feel very sick.
The kobold brigand hits you with a +0 dagger of venom.
You die...

~~≈≈≈≈ ≈≈~~~≈..≈# ≈≈~≈~≈
≈≈~~~~.~≈#
################~##
≈≈≈≈≈≈≈≈~.).~~#
≈≈≈≈≈≈≈≈≈≈≈≈~.#.~≈#
≈≈≈≈≈≈≈≈≈≈≈≈..#.~≈#
≈≈≈≈≈≈≈≈≈≈≈≈~.#..≈#
≈≈≈≈≈≈≈≈≈≈~~..#..~# +++##
≈~≈≈≈≈≈~≈≈≈...#K@≈# .....#
##≈#≈≈###~#.####K###..⌠...
.)..........≈~#KZK#†....⌠.
)..........≈≈≈≈.))'.⌠._...
.)..........≈~#...#.....⌠.
#≈##≈##≈###.####.###..⌠...
≈≈≈~≈≈≈≈≈~....#)~≈# .....#
≈≈≈≈≈≈≈≈≈≈~...#.≈≈# +++##
≈≈≈≈≈≈≈≈≈≈≈≈..#..~#


You could see a kobold brigand, an adder zombie and 3 kobolds.

Vanquished Creatures
  4 adders
  A shadow imp (Sewer)
  An ufetubus (Sewer)
  3 worms (D:2)
  2 dart slugs (D:1)
  9 orcs
  5 ball pythons
  2 bat zombies (Sewer)
  3 endoplasms
  7 giant cockroaches
  8 goblins
  9 hobgoblins
  7 quokkas
  6 bats
  5 frilled lizards
  12 kobolds
  9 rats
93 creatures vanquished.

Notes
Turn   | Place    | Note
-------+----------+-------------------------------------------
     0 | D:1      | Ayyar the Demonspawn Gladiator began the quest for the Orb.
     0 | D:1      | Reached XP level 1. HP: 16/16 MP: 1/1
    92 | D:1      | Gained mutation: You may rarely emit foul miasma when
                  | damaged in melee. [demonic ancestry]
    92 | D:1      | Reached XP level 2. HP: 18/22 MP: 2/2
   669 | D:1      | Reached XP level 3. HP: 28/28 MP: 3/3
  1460 | D:2      | Reached XP level 4. HP: 34/34 MP: 4/4
  1464 | D:2      | Identified the +9 short sword of the Lusting Genius
                  | {freeze, rPois rF+ rN+ Str-2}
  2381 | D:3      | Noticed a scorpion
  2566 | D:4      | Reached skill level 1 in Shields
  2571 | D:4      | Noticed a phantom
  2644 | D:4      | Found a glowing drain.
  2657 | D:4      | Gained mutation: You have sharp fingernails. [demonic
                  | ancestry]
  2657 | D:4      | Reached XP level 5. HP: 39/40 MP: 5/5
  2665 | Sewer    | Entered a sewer
  2897 | Sewer    | Found an ancient bone altar of Kikubaaqudgha.
  2926 | Sewer    | Slain by a kobold brigand

Illustrated notes

Levels and vault maps discovered:
D:1:      spicycebolla_arrival_transporter_tutorial, layout_basic,
          serial_aquarium, aquarium_bridge_square [aquarium_subvault_bridge,
          aquarium_subvault_window, aquarium_subvault_wall,
          aquarium_subvault_window], aquarium_window_2,
          aquarium_window_corridor_1, aquarium_window_fake,
          aquarium_window_fake, aquarium_view_2b, aquarium_view_2d,
          aquarium_balcony_double_1, aquarium_pool_side
D:2:      layout_loops_ring, kennysheep_cluttered_room
D:3:      layout_basic, overflow_temple_1_default
D:4:      layout_rooms, okawaru_altar_gauntlet_db,
          gammafunk_ghost_nasty_kobolds, gup_sewer_entry_pipe,
          uniq_crazy_yiuf_cottage
Sewer:    kennysheep_sewer_church

Skill      XL: |  1  2  3  4  5 |
---------------+----------------+-----
Throwing       | 2 |  2.5
Polearms       | 3 |  3.8
Dodging        | 3 |  3.3
Shields        | 1 |  1.1
Fighting       | 3 |  3.0

Action                   |  1- 3 |  4- 6 || total
-------------------------+-------+-------++-------
Melee: Trident           |   112 |   135 ||   247
Throw: Throwing net      |     2 |       ||     2
  Use: Potion            |       |     4 ||     4
Armor: Leather armour    |    20 |       ||    20
       Chain mail        |    18 |    78 ||    96
Dodge: Dodged            |    50 |    63 ||   113
Block: Buckler           |     5 |    36 ||    41
